 Dungeon Crawl Stone Soup version 0.23-a0-667-gc184e93 (console) character file.

7 Duffy the Firebug (level 1, -4/13 HPs)
             Began as a Demonspawn Fire Elementalist on Jan 8, 2019.
             Killed from afar by a dart slug (5 damage)
             ... with a slug dart
             ... on level 1 of the Dungeon.
             The game lasted 00:00:23 (399 turns).

Duffy the Firebug (Demonspawn Fire Elementalist)     Turns: 399, Time: 00:00:24

Health: -4/13      AC:  2    Str:  8    XL:     1   Next: 91%
Magic:  0/3        EV: 12    Int: 16    God:
Gold:   13         SH:  0    Dex: 13    Spells: 3/4 levels left

rFire    . . .     SeeInvis .   e - +0 dagger
rCold    . . .     Gourm    .   (no shield)
rNeg     . . .     Faith    .   a - +0 robe
rPois    .         Spirit   .   (no helmet)
rElec    .         Reflect  .   (no cloak)
rCorr    .         Harm     .   (no gloves)
MR       .....                  (no boots)
Stlth    ++........             (no amulet)
HPRegen  0.04/turn              (no ring)
MPRegen  0.08/turn              (no ring)

@: no status effects
A: no striking features
a: no special abilities


You were on level 1 of the Dungeon.
You were not hungry.

You visited 1 branch of the dungeon, and saw 1 of its levels.

You collected 13 gold pieces.

Inventory:

Hand Weapons
 e - a +0 dagger (weapon)
Armour
 a - a +0 robe (worn)
Scrolls
 d - a scroll of teleportation {unknown}
Potions
 f - a potion of agility {unknown}
 g - a potion of curing {unknown}
Comestibles
 c - 2 rations


   Skills:
 - Level 1.7 Dodging
 - Level 1.7 Stealth
 - Level 2.0 Spellcasting
 + Level 2.0 Conjurations
 - Level 2.6 Fire Magic


You had 3 spell levels left.
You knew the following spells:

 Your Spells              Type           Power        Failure   Level  Hunger
h - Flame Tongue          Conj/Fire      #....        8%          1    #......

Your spell library contained the following spells:

 Spells                   Type           Power        Failure   Level  Hunger
 Throw Flame              Conj/Fire      #.....       12%         2    ###....
 Conjure Flame            Conj/Fire      #.......     24%         3    ###....
 Inner Flame              Hex/Fire       #.......     34%         3    ###....
 Sticky Flame             Conj/Fire      #.......     61%         4    #####..
 Fireball                 Conj/Fire      #.........   91%         5    ######.


Dungeon Overview and Level Annotations

Branches:
Dungeon (1/15)

Altars:


Message History

The hobgoblin is severely wounded.
The hobgoblin hits you but does no damage.
You hit the hobgoblin.
The hobgoblin is almost dead.
The hobgoblin hits you but does no damage.
You hit the hobgoblin but do no damage.
The hobgoblin is almost dead.
The hobgoblin barely misses you.
Your magical contamination has completely faded away.
Casting: Flame Tongue (safe; 9% risk of failure)
Confirm with . or Enter, or press ? or * to list all spells.
Aiming: Flame Tongue (safe; 9% risk of failure)
Press: ? - help, Shift-Dir - straight line, f - hobgoblin, p - dart slug
Aim: a hobgoblin, wielding a +0 club (almost dead)
The flame tongue hits the hobgoblin.
You kill the hobgoblin!
Your Conjurations skill increases to level 2!
The dart slug launches a dart at you. The slug dart hits you!
You die...

#.#...##.###
###..#
#.....#
#....+
####.##
#.#<.# #.#
######.#..+
#w# #
#......####
#.#
#.##.##...#
#.#
#......####
#)# ####...#
#@# ###.####
#.#
##...####
#.# ##.#...#
#.# #.#...#
#.# #.....#
#.# #.....#
#.# #.######
#.# #.####..
#.# #..%....


You could see a dart slug.

Vanquished Creatures
  A hobgoblin (D:1)
  A frilled lizard (D:1)
  2 goblins (D:1)
  A kobold (D:1)
  4 rats (D:1)
9 creatures vanquished.

Notes
Turn   | Place    | Note
-------+----------+-------------------------------------------
     0 | D:1      | Duffy the Demonspawn Fire Elementalist began the quest for
                  | the Orb.
     0 | D:1      | Reached XP level 1. HP: 13/13 MP: 3/3
   399 | D:1      | Killed from afar by a dart slug

Vault maps used:
D:1:      dpeg_arrival_ratfight, minmay_misc_feat_alley, minmay_crystal_room,
          minmay_misc_feat_cross

Skill      XL: |  1 |
---------------+----+-----
Conjurations   | 2 |  2.0
Dodging        | |  1.7
Stealth        | |  1.7
Spellcasting   | |  2.0
Fire Magic     | |  2.6

Action                   || total
-------------------------++-------
Melee: Dagger            ||    13
 Cast: Flame Tongue      ||    13
Armor: Robe              ||     3
Dodge: Dodged            ||     3

Table legend:
 A = Non-vault XP
 B = Vault XP
 C = Vault XP percentage of total XP
 D = Non-vault monster count
 E = Vault monster count
 F = Vault count percentage of total count
                 A         B        C        D         E       F
            +---------+---------+-------+---------+---------+-------
      Total |      11 |       0 |   0.0 |       9 |       0 |   0.0
            +---------+---------+-------+---------+---------+-------
        D:1 |      11 |       0 |   0.0 |       9 |       0 |   0.0
            +---------+---------+-------+---------+---------+-------
